 Dungeon Crawl Stone Soup version 0.27-a0-366-g8badd94918 (webtiles) character file.

Game seed: 13071649327542499577

100 windgrace the Insei (level 4, 0/36 HPs)
             Began as a Demigod Transmuter on Feb 16, 2021.
             Slain by an orc priest
             ... wielding a +0 flail
              (6 damage)
             ... on level 3 of the Dungeon.
             The game lasted 00:08:15 (2079 turns).

windgrace the Insei (Demigod Transmuter)            Turns: 2079, Time: 00:08:18

Health: 0/36       AC:  3    Str: 11    XL:     4   Next: 23%
Magic:  7/9        EV: 12    Int: 25    God:
Gold:   116        SH:  0    Dex: 14    Spells: 1/7 levels left

rFire    . . .     SeeInvis +     - Unarmed
rCold    . . .     Faith    .   (no shield)
rNeg     . . .     Spirit   .   m - +0 leather armour
rPois    .         Reflect  .   (helmet currently unavailable)
rElec    .         Harm     .   (no cloak)
rCorr    .         Rampage  .   (no gloves)
Will     .....                  (boots currently unavailable)
Stlth    +.........             c - amulet of regeneration
HPRegen  1.12/turn              b - +6 ring of intelligence
MPRegen  0.11/turn              e - ring of see invisible

@: appendages (expiring), wereblooded
A: horns 2, talons 2, high mp 1
a: End Transformation


You were on level 3 of the Dungeon.
You had grown temporary horns.
You had grown temporary talons.
You visited 1 branch of the dungeon, and saw 3 of its levels.

You collected 116 gold pieces.

Inventory:

Armour
 a - a +0 robe
 m - a +0 leather armour (worn)
Jewellery
 b - a +6 ring of intelligence (left hand)
 c - an amulet of regeneration (around neck)
 e - a ring of see invisible (right hand)
Scrolls
 f - 4 scrolls of magic mapping {unknown}
 g - a scroll of fear {unknown}
 i - 4 scrolls of identify {unknown}
 j - 2 scrolls of random uselessness {unknown}
 k - a scroll of fog {unknown}
 l - a scroll of blinking {unknown}
Potions
 d - a potion of curing {unknown}
 h - a potion of degeneration {unknown}
 n - 2 potions of brilliance {unknown}
 o - a potion of invisibility {unknown}
 p - a potion of might {unknown}
 q - a potion of magic {unknown}
 r - a potion of flight {unknown}


   Skills:
 - Level 2.0 Fighting
 + Level 1.3 Armour
 - Level 3.0 Dodging
 - Level 3.0 Unarmed Combat
 - Level 2.0 Spellcasting
 - Level 2.0 Transmutations


You had one spell level left.
You knew the following spells:

 Your Spells              Type           Power        Failure   Level
a - Beastly Appendage     Tmut           24%          6%          1
b - Wereblood             Tmut           12%          10%         2
c - Spider Form           Tmut/Pois      3%           28%         3

Your spell library contained the following spells:

 Spells                   Type           Power        Failure   Level
 Ice Form                 Ice/Tmut       7%           67%         4
 Blade Hands              Tmut           6%           87%         5


Dungeon Overview and Level Annotations

Branches:
Dungeon (3/15)


Innate Abilities, Weirdness & Mutations

You have an increased reservoir of magic. (+10% MP)
You have a pair of horns on your head.
You have razor-sharp toenails.


Message History

You kill the frilled lizard!
Your transformation is almost over.
A bat comes into view.
Your horns disappear.
Your talons disappear.
Found a square filigree amulet.
An orc priest comes into view. It is wielding a +0 flail.
Found a dagger.
Things that are here:
a +0 club; a +0 club; a +0 club You start resting.
Magic restored.
Things that are here:
a +0 club; a +0 club; a +0 club You now have 116 gold pieces (gained 7).
A bat is nearby!
Casting: Beastly Appendage (safe; 6% risk of failure)
Confirm with . or Enter, or press ? or * to list all spells.
Your blood is infused with primal strength.
The bat completely misses you.
You hit the bat.
You kill the bat!
The orc priest shouts!
An orc comes into view. It is wielding a +0 hand axe.
The orc shouts!
The orc priest hits you with a +0 flail.
You hit the orc priest but do no damage.
The orc priest hits you with a +0 flail.
Casting: Wereblood (safe; 10% risk of failure)
Confirm with . or Enter, or press ? or * to list all spells.
You grow a pair of large bovine horns.
Your feet morph into talons.
An orc priest comes into view.
The orc priest mumbles some strange prayers to Beogh against you.
Pain shoots through your body! The orc misses you.
You hit the orc priest.
The orc priest is lightly wounded.
The orc priest mumbles some strange prayers to Beogh against you.
Beogh smites you!
* * * LOW HITPOINT WARNING * * *
The orc priest hits you with a +0 flail.
You die...

# #........##..
..#####.###.....†..)..#
#.. ..).#..........####
o #..##....#......######
#.##.#...#...#..†.....#.
#.................##....
#.............##.......
##...o............#....
#....o@.......###...###
#..#.....)....## #.###
#....".....# .#
#..##....### .. #..
.....# . ....#.......
.... ........#
....##....#...


You could see 2 orc priests and an orc.

Vanquished Creatures
  2 adders (D:2)
  An ooze (D:2)
  2 worms
  2 orcs (D:3)
  A ball python (D:2)
  9 bats
  5 giant cockroaches
  6 hobgoblins
  13 jackals
  3 frilled lizards
  7 goblins
  9 kobolds
  5 rats
65 creatures vanquished.

Notes
Turn   | Place    | Note
-------+----------+-------------------------------------------
     0 | D:1      | windgrace the Demigod Transmuter began the quest for the
                  | Orb.
     0 | D:1      | Reached XP level 1. HP: 15/15 MP: 5/5
   268 | D:1      | Reached skill level 1 in Fighting
   286 | D:1      | Reached XP level 2. HP: 23/23 MP: 5/7
   468 | D:1      | Learned a level 2 spell: Wereblood
   926 | D:2      | Reached XP level 3. HP: 26/29 MP: 5/8
  1069 | D:2      | Learned a level 3 spell: Spider Form
  1562 | D:2      | Reached XP level 4. HP: 36/36 MP: 6/9
  1910 | D:3      | Found a radiant altar of Vehumet.
  1924 | D:3      | Found a burning altar of Makhleb.
  1926 | D:3      | Found a sacrificial altar of Ru.
  1929 | D:3      | Found a shadowy altar of Dithmenos.
  1959 | D:3      | Reached skill level 1 in Armour
  2079 | D:3      | Slain by an orc priest

Illustrated notes

Levels and vault maps discovered:
D:1:      shiori_arrival_elements, layout_basic
D:2:      layout_basic, minmay_misc_feat_ornament
D:3:      layout_rooms, minitemple

Skill      XL: |  1  2  3  4 |
---------------+-------------+-----
Spellcasting   | 2 |  2.0
Transmutations | 2 |  2.0
Unarmed Combat | 3 |  3.0
Fighting       | 1 2 |  2.0
Dodging        | 2 3 |  3.0
Armour         | 1 |  1.3

Action                   |  1- 3 |  4- 6 || total
-------------------------+-------+-------++-------
Melee: Unarmed           |   136 |    37 ||   173
       Kick              |    28 |     2 ||    30
       Headbutt          |    13 |     2 ||    15
       Punch             |     2 |       ||     2
 Cast: Beastly Appendage |    28 |     3 ||    31
       Wereblood         |     5 |     3 ||     8
       Spider Form       |     1 |     2 ||     3
 Stab: Sleeping          |     1 |       ||     1
Armor: Leather armour    |    35 |     1 ||    36
       Robe              |     3 |       ||     3
       Skin              |       |     1 ||     1
Dodge: Dodged            |    76 |    29 ||   105

Table legend: (Time is in decaauts)
 A = Elapsed time spent in this place.
 B = Non-inter-level travel time spent in this place.
 C = Inter-level travel time spent in this place.
 D = Time resting spent in this place.
 E = Time spent auto-exploring this place.
 F = Levels seen in this place.
 G = Mean time per level.
                   A        B        C        D        E       F      G
               +--------+--------+--------+--------+--------+-----+--------+
         Total |   2067 |   1992 |     75 |     28 |   1487 |   3 |  689.0 |
       Dungeon |   2067 |   1992 |     75 |     28 |   1487 |   3 |  689.0 |
               +--------+--------+--------+--------+--------+-----+--------+

Top non-repeatable levels by time:
     D:2: 1114 daAuts
     D:1: 764 daAuts
     D:3: 189 daAuts
